 Dungeon Crawl Stone Soup version 0.28-a0-1227-ga9037bb4c8 (webtiles) character file.

Game seed: 16363432595610864890

30 rogsnak the Gusty (level 3, -5/24 HPs)
             Began as a Demonspawn Air Elementalist on Dec 22, 2021.
             Slain by a gnoll (7 damage)
             ... on level 2 of the Dungeon.
             The game lasted 00:01:58 (1282 turns).

rogsnak the Gusty (Demonspawn Air Elementalist)     Turns: 1282, Time: 00:01:58

Health: -5/24      AC:  2    Str:  8    XL:     3   Next: 3%
Magic:  6/6        EV: 12    Int: 18    God:
Gold:   54         SH:  0    Dex: 13    Spells: 5/6 levels left

rFire   . . .      SeeInvis .   c - +0 dagger
rCold   . . .      Faith    .   (no shield)
rNeg    . . .      Spirit   .   a - +0 robe
rPois   .          Reflect  .   (no helmet)
rElec   .          Harm     .   (no cloak)
rCorr   .          Rampage  .   (no gloves)
Will    .....                   (no boots)
Stlth   ++........              (no amulet)
HPRegen 0.08/turn               (no ring)
MPRegen 0.10/turn               (no ring)

@: no status effects
A: foul stench 1, powered by death 1
a: no special abilities


You were on level 2 of the Dungeon.
You visited 1 branch of the dungeon, and saw 2 of its levels.

You collected 54 gold pieces.

Inventory:

Hand Weapons
 c - a +0 dagger (weapon)
Armour
 a - a +0 robe (worn)
Jewellery
 d - a ring of ice
Scrolls
 b - a scroll of fear {unknown}


   Skills:
 + Level 1.8 Dodging
 - Level 1.7 Stealth
 + Level 2.2 Spellcasting
 * Level 1.8 Conjurations
 + Level 3.2 Air Magic


You had 5 spell levels left.
You knew the following spells:

 Your Spells              Type           Power      Damage    Failure   Level
a - Shock                 Conj/Air       44%        1d5       6%          1

Your spell library contained the following spells:

 Spells                   Type           Power      Damage    Failure   Level
 Static Discharge         Conj/Air       11%        N/A       10%         2
 Swiftness                Air            13%        N/A       14%         3
 Airstrike                Air            6%         N/A       43%         4


Dungeon Overview and Level Annotations

Branches:
Dungeon (2/15)

Altars:


Innate Abilities, Weirdness & Mutations

You may rarely emit foul miasma when damaged in melee.
You regenerate a little health from kills.


Message History

You kill the goblin!
You have reached level 3!
Your experience leads to an increase in your attributes!
Increase (S)trength, (I)ntelligence, or (D)exterity?
You feel clever. x2; Your demonic ancestry asserts itself...
A wave of death washes over you.
Your magical contamination has completely faded away.
Things that are here:
a +0 dagger; a goblin corpse A hobgoblin comes into view.
The helpless hobgoblin fails to defend itself.
You hit the hobgoblin.
You kill the hobgoblin!
Found a stone staircase leading down.
Done exploring.
(D) Dungeon
Where to? (? - help)
What level of the Dungeon? (default 1, ? - help)
There is a stone staircase leading down here.
You climb downwards.
There is a stone staircase leading up here.
There are monsters nearby!
A hound and 2 gnolls come into view.
The gnoll hits you with a +0 club.
A gnoll comes into view. It is wielding a +0 whip.
The bat closely misses you. The gnoll barely misses you.
The hound barks!
The gnoll shouts! x2
The bat hits you. The gnoll hits you with a +0 club.
The bat hits you but does no damage.
The gnoll hits you from afar with a +0 halberd.
The bat hits you but does no damage. The hound bites you.
The gnoll hits you with a +0 club. The gnoll barely misses you.
The hound bites you but does no damage. The gnoll hits you with a +0 whip.
* * * LOW HITPOINT WARNING * * *
The hound completely misses you. The gnoll barely misses you. x2
The bat barely misses you. The gnoll hits you with a +0 club.
* * * LOW HITPOINT WARNING * * *
The hound barely misses you. The gnoll closely misses you.
The gnoll hits you with a +0 club!
You die...

## .#
#########.#
#.......#.######
#.#<...gh.......
####.g@.......
+g.g.......
#.b........
#..........
###########


You could see a hound, 4 gnolls and a bat.

Vanquished Creatures
  A dart slug (D:1)
  5 ball pythons (D:1)
  3 endoplasms (D:1)
  A giant cockroach (D:1)
  2 goblins (D:1)
  7 hobgoblins (D:1)
  3 bats (D:1)
  A kobold (D:1)
23 creatures vanquished.

Notes
Turn   | Place    | Note
-------+----------+-------------------------------------------
     0 | D:1      | rogsnak the Demonspawn Air Elementalist began the quest for
                  | the Orb.
     0 | D:1      | Reached XP level 1. HP: 13/13 MP: 3/3
   256 | D:1      | Reached skill level 3 in Air Magic
   263 | D:1      | Gained mutation: You may rarely emit foul miasma when
                  | damaged in melee. [demonic ancestry]
   263 | D:1      | Reached XP level 2. HP: 13/19 MP: 0/5
  1067 | D:1      | Gained mutation: You regenerate a little health from kills.
                  | [demonic ancestry]
  1067 | D:1      | Reached XP level 3. HP: 24/24 MP: 3/6
  1282 | D:2      | Slain by a gnoll

Illustrated notes

Levels and vault maps discovered:
D:1:      dpeg_arrival_refuge, layout_loops_ring, palyth_stone_intersect,
          minmay_crystal_room
D:2:      layout_basic, basic_altar,
          dreamdust_ecumenical_altar_angels_and_demons

Skill      XL: |  1 |
---------------+----+-----
Air Magic      | 3 |  3.2
Dodging        | |  1.8
Stealth        | |  1.7
Spellcasting   | |  2.2
Conjurations   | |  1.8

Action                   || total
-------------------------++-------
Melee: Unarmed           ||     3
       Dagger            ||     9
 Cast: Shock             ||    43
 Stab: Sleeping          ||     1
Armor: Robe              ||     5
Dodge: Dodged            ||    14

Table legend: (Time is in decaauts)
 A = Elapsed time spent in this place.
 B = Non-inter-level travel time spent in this place.
 C = Inter-level travel time spent in this place.
 D = Time resting spent in this place.
 E = Time spent auto-exploring this place.
 F = Levels seen in this place.
 G = Mean time per level.
                   A        B        C        D        E       F      G
               +--------+--------+--------+--------+--------+-----+--------+
         Total |   1281 |   1272 |      9 |    249 |    865 |   2 |  640.5 |
       Dungeon |   1281 |   1272 |      9 |    249 |    865 |   2 |  640.5 |
               +--------+--------+--------+--------+--------+-----+--------+

Top non-repeatable levels by time:
     D:1: 1274 daAuts
     D:2: 6 daAuts
